 Dungeon Crawl Stone Soup version 0.17.0-18-gaab0e96 (webtiles) character file.

2792 MDvedh the Basher (level 9, -10/47 HPs)
             Began as a Gargoyle Earth Elementalist on Nov 11, 2015.
             Was a Follower of the Shining One.
             Mangled by an orc knight
             ... wielding a +0 bardiche
              (26 damage)
             ... in a bailey.
             The game lasted 00:18:37 (9118 turns).

MDvedh the Basher (Gargoyle Earth Elementalist)     Turns: 9118, Time: 00:18:37

Health: -10/47     AC: 21    Str: 21    XL:     9   Next: 71%
Magic:  12/12      EV:  6    Int: 15    God:    the Shining One [*.....]
Gold:   225        SH:  0    Dex: 10    Spells: 0 memorised, 12 levels left

rFire  . . .     SeeInvis .     w - +1 morningstar
rCold  . . .     Clarity  +     s - +0 plate armour
rNeg   + . .     SustAt   .     (no shield)
rPois  ∞         Gourm    .     (no helmet)
rElec  +         Spirit   .     f - +0 cloak
rCorr  .         Warding  .     (no gloves)
rMut   .         Stasis   .     B - +1 pair of boots
MR     .....                    y - amulet of clarity
Stlth  ..........               (no ring)
                                a - ring of flight

@: mighty, glowing, not resistant to hostile enchantments, extremely unstealthy
A: negative energy resistance 1, electricity resistance, unbreathing,
petrification resistance, rot immunity, AC +5
a: Renounce Religion, Evoke Flight


You were in a bailey.
You worshipped the Shining One.
The Shining One was aware of your devotion.
You were not hungry.

You visited 1 branch of the dungeon, and saw 8 of its levels.
You also visited: Sewer and Bailey.

You collected 371 gold pieces.
You spent 146 gold pieces at shops.

Inventory:

Hand Weapons
 w - a +1 morningstar (weapon)
Armour
 f - a +0 cloak (worn)
 s - a +0 plate armour (worn)
 B - a +1 pair of boots (worn)
Jewellery
 a - a ring of flight (left hand)
 n - an uncursed ring of teleportation
 r - an uncursed ring of fire
 y - an amulet of clarity (around neck)
Scrolls
 i - 5 scrolls of fog
 k - 4 scrolls of fear
 l - a scroll of remove curse
 m - 3 scrolls of identify
 o - 2 scrolls of recharging
 p - 2 scrolls of magic mapping
 q - 2 scrolls of blinking
 u - a scroll of amnesia
 D - a scroll of enchant weapon
Potions
 b - a potion of flight
 e - 3 potions of cure mutation
 g - 2 potions of curing
 j - 4 potions of magic
 t - a potion of might
 v - a potion of brilliance
Books
 c - a book of Geomancy

   Spells                             Type                      Level
   a - Sandblast                      Earth                        1
   b - Stoneskin                      Transmutation/Earth          2
   c - Passwall                       Transmutation/Earth          3
   d - Stone Arrow                    Conjuration/Earth            3
   e - Petrify                        Transmutation/Earth          4
   f - Lee's Rapid Deconstruction     Earth                        5
Comestibles
 d - 10 bread rations
 x - 5 fruits
 z - 3 chunks of flesh
 A - 2 beef jerkies
 C - 7 slices of pizza


   Skills:
 - Level 1.0 Fighting
 + Level 11.9 Maces & Flails
 + Level 4.4 Armour
 - Level 1.5 Dodging
 - Level 2.1 Stealth
 - Level 2.0 Spellcasting
   Level 0.7 Transmutations
   Level 3.6 Earth Magic


You had 12 spell levels left.
You didn't know any spells.

Dungeon Overview and Level Annotations

Branches:
Dungeon (8/15)             Temple (0/1) D:4
   Lair: D:8-11

Altars:
Ashenzari
Cheibriados
Dithmenos
Gozag
Makhleb
Qazlal
Ru
Sif Muna
Yredelemnul
Zin
The Shining One

Shops:
D:4 ?   D:7 (([}

Annotations:
D:7 exclusion: moth of wrath


Innate Abilities, Weirdness & Mutations

You are resistant to torment.
Your stone body is resilient (AC +5).
You are immune to poison.
You resist negative energy.
You are resistant to electric shocks.
You can survive without breathing.
You are immune to petrification.
You are immune to rotting.


Message History

The orc knight is moderately wounded.
The orc knight hits you but does no damage.
Unknown command.
Wield which item (- for none, * to show all)? (? for menu, Esc to quit)
q - 2 scrolls of blinking (in hand) Unknown command.
Drink which item? (? for menu, Esc to quit)
You feel much better.
The orc knight hits you with a bardiche!
Wield which item (- for none, * to show all)? (? for menu, Esc to quit)
w - a +1 morningstar (weapon)
Drink which item? (? for menu, Esc to quit)
Okay, then.
Read which item? (? for menu, Esc to quit)
Okay, then.
You puncture the orc knight!
The orc knight is heavily wounded.
The orc knight hits you with a bardiche!!
Ouch! That really hurt!
You die...

########### ##.........##
##..≈≈≈≈≈≈≈..##
##..≈≈.....≈≈..##
####..≈≈..###..≈≈..##########
.....≈≈..## ##))≈≈..........#
≈≈≈≈≈≈..##.∩.##))≈≈≈≈≈≈≈≈≈≈.#
.[[[...##.....##@)........≈.#
###########+###o#########.≈.#
... ##.≈.# # ≈§≈≈. ##..≈.# ##
§...o≈§ # ##..≈≈.# .# .⌠⌠⌠..§
#'#))≈≈.∩# .# ..⌠...≈
#'#.)≈≈.## ## .....§≈
##.##..≈≈.# # #...##..≈.#


You could see an orc knight and an orc warrior (frenzied).

Vanquished Creatures
  A human (D:7)
  Sigmund (D:3)
  An ice beast (D:6)
  A black bear (D:8)
  2 phantoms
  A wasp (D:8)
  An ogre (D:5)
  4 orc warriors
  3 centaurs
  3 giant frogs
  2 scorpions (D:7)
  3 killer bees (D:6)
  A wasp zombie (D:7)
  A jelly (D:8)
  An orc priest (D:7)
  3 hounds
  A centaur zombie (D:6)
  A crimson imp (D:6)
  5 orc wizards
  4 sheep (D:7)
  6 worker ants
  A hound skeleton (D:8)
  11 adders
  3 river rats (D:6)
  A shadow imp (D:8)
  4 oozes
  A worm (D:6)
  A giant gecko (D:6)
  29 orcs
  5 giant cockroaches
  3 hobgoblins
  4 jackals (Sewer)
  17 kobolds
  3 quokkas
  5 ball pythons
  7 bats
  6 giant newts
  10 goblins
  A jackal skeleton (D:4)
  9 rats
  A plant (Sewer)
168 creatures vanquished.

Notes
Turn   | Place    | Note
--------------------------------------------------------------
     0 | D:1      | MDvedh the Gargoyle Earth Elementalist began the quest for the Orb.
     0 | D:1      | Reached XP level 1. HP: 10/10 MP: 3/3
   509 | D:1      | Reached skill level 1 in Armour
   549 | D:1      | Reached XP level 2. HP: 16/16 MP: 5/5
   726 | D:1      | Reached skill level 1 in Fighting
   726 | D:1      | Reached skill level 1 in Maces & Flails
  1142 | D:1      | Reached XP level 3. HP: 16/20 MP: 6/6
  1886 | D:2      | Reached XP level 4. HP: 25/25 MP: 4/7
  2328 | D:3      | Noticed Sigmund
  2706 | D:3      | Reached XP level 5. HP: 29/29 MP: 8/8
  2754 | D:3      | Noticed a centaur
  2760 | D:3      | Killed a centaur
  2760 | D:3      | Reached skill level 4 in Maces & Flails
  2872 | D:3      | Killed Sigmund
  2872 | D:3      | Reached skill level 6 in Maces & Flails
  2872 | D:3      | Reached XP level 6. HP: 34/34 MP: 9/9
  3183 | D:4      | Found Cukk's Magic Scroll Boutique.
  3199 | D:4      | Bought a scroll of fog for 26 gold pieces
  3199 | D:4      | Bought a scroll of fear for 45 gold pieces
  3199 | D:4      | Bought a scroll of identify for 26 gold pieces
  3235 | D:4      | Found a glowing golden altar of the Shining One.
  3287 | D:4      | Became a worshipper of the Shining One
  3325 | D:4      | Found a staircase to the Ecumenical Temple.
  3344 | D:4      | Reached XP level 7. HP: 38/38 MP: 10/10
  3396 | D:4      | Found a sacrificial altar of Ru.
  3863 | D:5      | Entered Level 5 of the Dungeon
  4073 | D:5      | Reached skill level 7 in Maces & Flails
  4742 | D:6      | Reached skill level 8 in Maces & Flails
  5001 | D:6      | Reached XP level 8. HP: 37/43 MP: 11/11
  5035 | D:6      | Found a glowing drain.
  5047 | Sewer    | Entered a sewer
  5839 | D:6      | Found a snail-covered altar of Cheibriados.
  5844 | D:6      | Found a basalt altar of Yredelemnul.
  5844 | D:6      | Found an opulent altar of Gozag.
  5844 | D:6      | Found a shadowy altar of Dithmenos.
  5844 | D:6      | Found a shattered altar of Ashenzari.
  5845 | D:6      | Found a stormy altar of Qazlal.
  5847 | D:6      | Found a glowing silver altar of Zin.
  5848 | D:6      | Found a deep blue altar of Sif Muna.
  5849 | D:6      | Found a burning altar of Makhleb.
  5931 | D:6      | Reached skill level 9 in Maces & Flails
  6547 | D:6      | Reached skill level 10 in Maces & Flails
  6697 | D:7      | Noticed a moth of wrath
  6775 | D:7      | Found Luvinomn's Antique Weapon Shop.
  6797 | D:7      | Found Topi's Weapon Shop.
  6927 | D:7      | Found Nagywia's Armour Boutique.
  6930 | D:7      | Bought a +0 pair of boots for 49 gold pieces
  6960 | D:7      | Found Geec's Gadget Emporium.
  7228 | D:7      | Reached XP level 9. HP: 47/47 MP: 12/12
  7248 | D:7      | Reached skill level 11 in Maces & Flails
  8062 | D:8      | Reached * piety under the Shining One
  8500 | D:8      | Found a flagged portal.
  8537 | Bailey   | Entered a bailey
  8952 | Bailey   | Noticed an orc knight
  9118 | Bailey   | Mangled by an orc knight

Action                   |  1- 3 |  4- 6 |  7- 9 || total
-------------------------+-------+-------+-------++-------
Melee: Whip              |   154 |    42 |       ||   196
       Morningstar       |       |   101 |   556 ||   657
       Mace              |       |    15 |       ||    15
 Cast: Sandblast         |     6 |     1 |       ||     7
 Abil: Evoke Flight      |       |       |     1 ||     1
  Use: Scroll            |     3 |     8 |    10 ||    21
       Potion            |       |     1 |     5 ||     6
 Stab: Sleeping          |     7 |       |       ||     7
  Eat: Chunk             |     3 |       |     6 ||     9
       Meat ration       |       |     1 |     2 ||     3
       Bread ration      |       |       |     1 ||     1
